 Dungeon Sprint DCSS version 0.27-a0-1139-g28e009f8a6 (webtiles) character file.

Game seed: 5522794206276607987

437 Zeld the Destroyer (level 7, 0/49 HPs)
             Began as an Octopode Conjurer on May 8, 2021.
             Was a Follower of Sif Muna.
             Shot with a bolt by a yaktaur captain (37 damage)
             ... in the Dungeon (Sprint V: "Ziggurat Sprint").
             The game lasted 00:01:56 (880 turns).

Zeld the Destroyer (Octopode Conjurer)               Turns: 880, Time: 00:01:57

Health: 0/49       AC:  1    Str:  6    XL:     7   Next: 1%
Magic:  10/16      EV: 14    Int: 34    God:    Sif Muna [*.....]
Gold:   0          SH:  0    Dex: 11    Spells: 7/18 levels left

rFire    . . .     SeeInvis .   (no weapon)
rCold    . . .     Faith    .   (no shield)
rNeg     . . .     Spirit   .   (helmet restricted)
rPois    .         Reflect  .   (no amulet)
rElec    .         Harm     .   q - +6 ring of intelligence
rCorr    +         Rampage  .   r - +6 ring of intelligence
Will     .....     NoTele   +   j - ring of resist corrosion
Stlth    +++.......             (no ring)
HPRegen  0.16/turn              (no ring)
MPRegen  0.15/turn              (no ring)
                                (no ring)
                                (no ring)

@: very slightly contaminated, invisible
A: almost no armour, amphibious, 8 rings, camouflage 1, gelatinous body 1,
(nimble swimmer 1), tentacles
a: Renounce Religion, Channel Magic


You were in the Dungeon.
You worshipped Sif Muna.
Sif Muna was aware of your devotion.
You visited 1 branch

Inventory:

Armour
 w - a +3 tower shield
Jewellery
 j - a ring of resist corrosion (on tentacle)
 q - a +6 ring of intelligence (left tentacle)
 r - a +6 ring of intelligence (right tentacle)
Wands
 s - a wand of mindburst (7)
 t - a wand of iceblast (5)
 u - a wand of acid (7)
Scrolls
 g - 3 scrolls of blinking
 l - 4 scrolls of amnesia
 m - 7 scrolls of fog
 n - a scroll of holy word
 o - 5 scrolls of identify
 p - 2 scrolls of fear
Potions
 a - 2 potions of brilliance
 b - 10 potions of curing
 c - 9 potions of heal wounds
 d - 6 potions of haste
 e - 7 potions of magic
 f - 3 potions of berserk rage
 h - a potion of invisibility
 i - 4 potions of resistance
 k - 5 potions of might
Miscellaneous
 v - a lightning rod (4/4)
 x - a tin of tremorstones (2/2)
 y - a tin of tremorstones (2/2)


   Skills:
 + Level 4.6 Fighting
 + Level 5.2 Dodging
 - Level 2.6 Stealth
 + Level 6.2 Spellcasting
 * Level 10.0 Conjurations
 * Level 7.3 Invocations


You had 7 spell levels left.
You knew the following spells:

 Your Spells              Type           Power      Damage    Failure   Level
a - Magic Dart            Conj           100%       1d8       1%          1
b - Searing Ray           Conj           100%       3d7       1%          2
c - Fulminant Prism       Conj/Hex       22%        3d13      4%          4
d - Iskenderun's Mystic   Conj/Tloc      44%        2d10      4%          4

Your spell library contained the following spells:

 Spells                   Type           Power      Damage    Failure   Level
 Dazzling Flash           Conj/Hex       88%        N/A       1%          3
 Corpse Rot               Necr/Air       N/A        N/A       6%          2
 Sublimation of Blood     Necr           5%         N/A       6%          2
 Dispel Undead            Necr           10%        3d9       36%         4
 Agony                    Necr           10%        N/A       73%         5
 Excruciating Wounds      Necr           5%         N/A       73%         5


Dungeon Overview and Level Annotations

Branches:
Dungeon (1/1)

Altars:
Ashenzari
Cheibriados
Dithmenos
Elyvilon
Fedhas
Gozag
Hepliaklqana
Kikubaaqudgha
Makhleb
Nemelex Xobeh
Okawaru
Qazlal
Ru
Sif Muna
Trog
Uskayaw
Vehumet
Wu Jian
Xom
Yredelemnul
Zin
The Shining One
Beogh
Jiyva
Lugonu

Annotations:
D 1 transporter


Innate Abilities, Weirdness & Mutations

You cannot wear most types of armour.
You are amphibious.
You can wear up to eight rings at the same time.
Your skin changes colour to match your surroundings (Stealth+).
Your rubbery body absorbs attacks. (AC +1, EV +1)
((You are camouflaged near water. (Stealth+)))
You have tentacles for arms and can constrict up to eight enemies at once.


Message History

The searing ray hits the ironbound frostheart!
The ironbound frostheart is heavily wounded.
The searing ray hits the yaktaur captain!
The yaktaur captain is moderately wounded. (Press . to maintain the ray.)
The ironbound frostheart calls freezing cold from the walls.
The frost grips you!!
Ouch! That really hurt!
* * * LOW HITPOINT WARNING * * *
You are encased in ice.
The yaktaur captain wields a +0 arbalest.
The yaktaur captain shoots a bolt.
The bolt hits the ironbound frostheart!!
Press: ? - help, v - describe, . - travel
Here: an ironbound frostheart, wearing a +0 ring mail (almost dead, strong)
The floor, spattered with blood.
Unknown command.
The searing ray hits the ironbound frostheart!
You kill the ironbound frostheart!
Sif Muna accepts your kill.
The searing ray hits the ironbound convoker.
The ironbound convoker is moderately wounded.
The searing ray hits the yaktaur captain!
The yaktaur captain is moderately wounded.
Your Fighting skill gained 2 levels and is now at level 4!
Your Dodging skill gained 2 levels and is now at level 5!
Your Spellcasting skill increases to level 6!
Your Conjurations skill gained 2 levels and is now at level 10!
Your Invocations skill gained 3 levels and is now at level 7!
You have reached level 6!
Your experience leads to an increase in your attributes!
Your base attributes are Str 6, Int 21, Dex 11.
Increase (S)trength, (I)ntelligence, or (D)exterity?
You feel clever.
You have reached level 7!
You feel much better. The ice encasing you melts away.
The yaktaur captain shoots a bolt.
The bolt hits you!!!
Ouch! That really hurt!
You die...

▓▓▓▓▓▓▓▓▓▓▓▓▓▓▓▓▓▓▓
▓.8©8.▓.8©8.▓.8©8.▓
▓.:=?.▓...).▓.....▓
▓.J?..▓.....▓.....▓
▓.c...▓.....▓..)..▓
▓..[p.▓.....▓.....▓
▓.....▓.....▓..©..▓
▓..@..▓..©..▓▓▓▓▓▓▓
▓▓▓▓▓▓▓▓▓▓▓▓▓


You could see a yaktaur captain, a slime creature (wandering) and an ironbound
convoker (wandering).

Vanquished Creatures
  An ironbound frostheart (D)
  A quasit (D)
  2 iron imps (D)
  An orc wizard (D)
  An orc (D)
6 creatures vanquished.

Notes
Turn   | Place    | Note
-------+----------+-------------------------------------------
     0 | D        | Zeld the Octopode Conjurer began the quest for the Orb.
     0 | D        | Reached XP level 1. HP: 11/11 MP: 3/3
     0 | D        | Found a shimmering blue altar of Sif Muna.
     0 | D        | Found a sacrificial altar of Ru.
     0 | D        | Found a bloodstained altar of Trog.
     0 | D        | Found a stormy altar of Qazlal.
     0 | D        | Found an iron altar of Okawaru.
     0 | D        | Found a sparkling altar of Nemelex Xobeh.
     0 | D        | Found a blossoming altar of Fedhas.
     1 | D        | Found the +6 Majin-Bo {vamp, MP+6 Int+6}
     1 | D        | Found the +9 heavy crossbow "Sniper" {vorpal, Acc+∞ SInv}
     1 | D        | Found the +10 dark maul {vorpal}
     1 | D        | Found the +15 Maxwell's patent armour {-Cast -Tele rElec
                  | Will+ rCorr}
     1 | D        | Found the +18 shield of the Gong {rElec rN+ Will+ EV-5}
     1 | D        | Found the +14 obsidian axe {vorpal, Drain Fly SInv}
     1 | D        | Found the +7 great mace "Firestarter" {inner flame, rF++}
     1 | D        | Found the +6 shillelagh "Devastator" {shatter}
     1 | D        | Found the +11 plutonium sword {Contam Stlth-}
     1 | D        | Found the +8 lance "Wyrmbane" {slay drac, rPois rF+ rC+
                  | AC+3}
     1 | D        | Found the +9 sword of Zonguldrok {reap}
     1 | D        | Found the +13 scythe of Curses {drain, Drain}
     1 | D        | Found the +5 sword of Power {vorpal}
     1 | D        | Found the +7 mace of Variability {chain chaos}
     1 | D        | Found the +7 Singing Sword {vorpal, sonic wave}
     1 | D        | Found the +8 storm bow {elec, penet}
     2 | D        | Found a transporter.
     2 | D        | Found an ancient bone altar of Kikubaaqudgha.
     2 | D        | Found a viscous altar of Jiyva.
     2 | D        | Found a corrupted altar of Lugonu.
     2 | D        | Found a hazy altar of Hepliaklqana.
     2 | D        | Found a burning altar of Makhleb.
     2 | D        | Found an opulent altar of Gozag.
    45 | D        | Reached skill level 7 in Conjurations
    45 | D        | Reached XP level 2. HP: 17/17 MP: 4/7
    51 | D        | Became a worshipper of Sif Muna the Loreminder
    55 | D        | Learned a level 2 spell: Searing Ray
   303 | D        | Entered arena 2.
   303 | D        | Found a transporter.
   306 | D        | Reached skill level 1 in Fighting
   306 | D        | Reached skill level 1 in Invocations
   306 | D        | Reached XP level 3. HP: 23/23 MP: 5/9
   539 | D        | Entered arena 3.
   539 | D        | Found a transporter.
   546 | D        | Reached * piety under Sif Muna
   547 | D        | Reached XP level 4. HP: 14/29 MP: 0/10
   550 | D        | Reached skill level 8 in Conjurations
   552 | D        | Reached skill level 5 in Spellcasting
   552 | D        | Reached XP level 5. HP: 18/35 MP: 10/12
   561 | D        | Learned a level 4 spell: Fulminant Prism
   566 | D        | Learned a level 4 spell: Iskenderun's Mystic Blast
   874 | D        | Entered arena 4.
   874 | D        | Noticed an ironbound convoker
   874 | D        | Noticed an ironbound frostheart
   874 | D        | Noticed a yaktaur captain
   874 | D        | Noticed a slime creature
   874 | D        | Found a transporter.
   879 | D        | Killed an ironbound frostheart
   880 | D        | Reached skill level 5 in Dodging
   880 | D        | Reached skill level 10 in Conjurations
   880 | D        | Reached XP level 6. HP: 9/44 MP: 10/15
   880 | D        | Reached XP level 7. HP: 10/49 MP: 10/16
   880 | D        | Shot with a bolt by a yaktaur captain

Illustrated notes

Levels and vault maps discovered:
D:        sprint_v [room_start, room_1, room_2, room_3, room_4, room_5, room_6,
          room_7, room_8, room_9, room_10, room_11, room_12, room_13, room_14,
          room_15, room_16, room_17, room_18, room_19, room_20, room_21,
          room_22, room_23, room_24, room_25, room_26, room_27]

Skill      XL: |  1  2  3  4  5 |
---------------+----------------+-----
Spellcasting   | 4 5 6 |  6.2
Conjurations   | 7 8 10 | 10.0
Fighting       | 1 2 4 |  4.6
Invocations    | 1 2 4 7 |  7.3
Dodging        | 3 5 |  5.2
Stealth        | |  2.6

Action                   |  1- 3 |  4- 6 |  7- 9 || total
-------------------------+-------+-------+-------++-------
 Cast: Searing Ray       |     4 |     4 |       ||     8
Invok: Channel Magic     |       |     1 |       ||     1
Evoke: Wand              |       |     2 |       ||     2
  Use: Potion            |     1 |     1 |     1 ||     3
       Scroll            |     1 |       |       ||     1
Armor: Skin              |     1 |       |       ||     1
Dodge: Dodged            |     9 |       |       ||     9

Table legend: (Time is in decaauts)
 A = Elapsed time spent in this place.
 B = Non-inter-level travel time spent in this place.
 C = Inter-level travel time spent in this place.
 D = Time resting spent in this place.
 E = Time spent auto-exploring this place.
 F = Levels seen in this place.
 G = Mean time per level.
                   A        B        C        D        E       F      G
               +--------+--------+--------+--------+--------+-----+--------+
         Total |    878 |    872 |      6 |    741 |     23 |   1 |  878.0 |
       Dungeon |    878 |    872 |      6 |    741 |     23 |   1 |  878.0 |
               +--------+--------+--------+--------+--------+-----+--------+

Top non-repeatable levels by time:
       D: 878 daAuts
